[Event "Titled Tuesday Blitz July 20 2021"]
[White "Gurevich, Dmitry"]
[Black "Begunov, Konstantin"]
[WhiteFideId "2000407"]
[BlackFideId "4118510"]
[WhiteElo "2506"]
[BlackElo "2262"]
[Result "1/2-1/2"]
[Round "07"]
[TimeControl "180+1"]
[Date "2021.07.21"]
[WhiteClock "0:00:44"]
[BlackClock "0:00:24"]

1. d4 d5 2. c4 c6 3. cxd5 cxd5 4. Bg5 h6 5. Bh4 Nc6 6. Nc3 g5 7. Bg3 Bg7 8. e3 Nf6 9. h4 Qb6 10. Qd2 Bf5 11. hxg5 hxg5 12. Rxh8+ Bxh8 13. Nf3 g4 14. Ne5 Ne4 15. Nxe4 Bxe4 16. Nxc6 bxc6 17. Rc1 Kd7 18. Be2 Rg8 19. Kf1 e6 20. b3 Bf6 21. Qc3 Be7 22. Bd3 Ba3 23. Rd1 Bb4 24. Qc2 Bxd3+ 25. Qxd3 Qb5 26. Ke2 Rc8 27. Rc1 a6 28. a4 Qxd3+ 29. Kxd3 c5 30. dxc5 Rxc5 31. Rxc5 Bxc5 32. Be5 Kc6 33. Bd4 Bb4 34. e4 dxe4+ 35. Kxe4 Bd6 36. Bc3 f5+ 37. Kd3 Bc5 38. f3 gxf3 39. gxf3 Kd5 40. b4 Bb6 41. Bb2 e5 42. b5 axb5 43. axb5 e4+ 44. fxe4+ fxe4+ 45. Ke2 Kc4 46. Bc1 Kxb5 47. Be3 Ba5 48. Bf2 Kc4 49. Bg1 Bc3 50. Bf2 Bd4 51. Bg3 Kd5 52. Be1 Bc5 53. Bd2 Bd4 54. Be1 Bc5 55. Bd2 Bd4 56. Be1 1/2-1/2


[Site "https://www.chess.com"]

[Event "Titled Tuesday Blitz July 20 2021"]
[White "Gusarov, Grigory"]
[Black "Eynullayev, Atilla"]
[WhiteFideId "24102172"]
[BlackFideId "13413570"]
[WhiteElo "2269"]
[BlackElo "1997"]
[Result "0-1"]
[Round "07"]
[TimeControl "180+1"]
[Date "2021.07.21"]
[WhiteClock "0:00:54"]
[BlackClock "0:00:52"]

1. d4 Nf6 2. Nf3 e6 3. c4 d5 4. g3 Bb4+ 5. Bd2 Be7 6. Bg2 O-O 7. O-O Nbd7 8. Qc2 c6 9. Rd1 b6 10. b3 Bb7 11. Bc3 Ne4 12. Bb2 Rc8 13. Nbd2 f5 14. Ne5 Nxe5 15. dxe5 Qe8 16. Nf3 f4 17. Nd4 Qg6 18. f3 fxg3 19. fxe4 gxh2+ 20. Kh1 Rf2 21. Bf3 Rf8 22. exd5 Qg3 23. Rf1 R8xf3 24. Nxf3 Qg2# 0-1


[Site "https://www.chess.com"]

[Event "Titled Tuesday Blitz July 20 2021"]
[White "Harshavardhan G B"]
[Black "Molina, Roberto Junio Brito"]
[WhiteFideId "25059009"]
[BlackFideId "2109450"]
[WhiteElo "2536"]
[BlackElo "2734"]
[Result "1-0"]
[Round "07"]
[TimeControl "180+1"]
[Date "2021.07.21"]
[WhiteClock "0:00:14"]
[BlackClock "0:00:01"]

1. d4 d5 2. c4 c6 3. Nf3 Nf6 4. Nc3 dxc4 5. a4 Bf5 6. Ne5 Nbd7 7. Nxc4 Nb6 8. Ne5 a5 9. h4 h6 10. f3 Nfd7 11. Bf4 Nxe5 12. Bxe5 Nd7 13. Bg3 Qb6 14. Qd2 e6 15. e4 Bh7 16. Be2 Be7 17. O-O O-O 18. Kh1 Rfc8 19. Bf2 Qd8 20. g3 e5 21. Rad1 Bb4 22. Kg2 Qe7 23. Qc2 Rd8 24. Rd2 exd4 25. Bxd4 Nf8 26. Rfd1 Ne6 27. Bf2 Rxd2 28. Rxd2 Rd8 29. Bc4 Kf8 30. Bb6 Rxd2+ 31. Qxd2 g5 32. hxg5 hxg5 33. Qe3 Bc5 34. Bxc5 Qxc5 35. Qd3 Ke7 36. Bxe6 fxe6 37. Ne2 g4 38. fxg4 Qb4 39. Kf3 Qxb2 40. g5 Qb4 41. Nf4 Qxa4 42. g6 Bg8 43. Kg4 Qb5 44. Qc3 e5 45. Nd3 1-0


[Site "https://www.chess.com"]

[Event "Titled Tuesday Blitz July 20 2021"]
[White "Hebden, Mark L"]
[Black "Tsotsonava, Elene"]
[WhiteFideId "400084"]
[BlackFideId "13615939"]
[WhiteElo "2457"]
[BlackElo "1847"]
[Result "1-0"]
[Round "07"]
[TimeControl "180+1"]
[Date "2021.07.21"]
[WhiteClock "0:00:45"]
[BlackClock "0:00:07"]

1. d4 d5 2. Nf3 Nf6 3. c4 dxc4 4. e3 c5 5. Bxc4 cxd4 6. O-O e6 7. exd4 Nc6 8. Nc3 Be7 9. Qe2 O-O 10. Rd1 Nb4 11. Ne5 Nbd5 12. Bg5 h6 13. Bh4 Nxc3 14. bxc3 Nd5 15. Bxe7 Nxe7 16. Rd3 Bd7 17. Rh3 Bc6 18. Bd3 Qd5 19. Rg3 Nf5 20. Bxf5 exf5 21. Qe3 Kh8 22. Qf4 Qe4 23. Qxe4 Bxe4 24. Re1 Rac8 25. c4 f4 26. Ra3 f6 27. Rxe4 fxe5 28. dxe5 a6 29. h4 Rc5 30. Rd3 Re8 31. e6 Rc6 32. e7 Rcc8 33. Rd7 b5 34. cxb5 axb5 35. Rxf4 Kg8 36. h5 Rc1+ 37. Kh2 Re1 38. Rf5 R1xe7 39. Rxe7 Rxe7 40. Rxb5 Re2 41. a4 Rxf2 42. Kg3 Ra2 43. a5 Kf7 44. Kf3 Kf6 45. g4 Ra4 46. Rb6+ Kf7 47. a6 Kg8 48. Ke3 Kh7 49. Kd3 Rxg4 50. Kc3 Ra4 51. Kb3 Ra1 52. Kb4 Rb1+ 53. Kc5 Ra1 54. Kc6 Ra5 55. Kb7 Rxh5 56. a7 Ra5 57. Ra6 Rb5+ 58. Kc6 Rf5 59. a8=Q Rf6+ 60. Kd5 Rxa6 61. Qxa6 h5 62. Ke6 Kh6 63. Kf5+ Kh7 64. Qg6+ Kg8 65. Ke6 Kf8 66. Qf7# 1-0


[Site "https://www.chess.com"]

[Event "Titled Tuesday Blitz July 20 2021"]
[White "Janaszak, Dawid"]
[Black "Samsonkin, Artiom"]
[WhiteFideId "1119206"]
[BlackFideId "13503111"]
[WhiteElo "2332"]
[BlackElo "2513"]
[Result "0-1"]
[Round "07"]
[TimeControl "180+1"]
[Date "2021.07.21"]
[WhiteClock "0:00:03"]
[BlackClock "0:00:09"]

1. d4 Nf6 2. Nf3 e6 3. Bf4 b6 4. h3 Bb7 5. Nbd2 g6 6. e3 Bg7 7. Be2 d6 8. O-O Nbd7 9. a4 a5 10. Re1 Qe7 11. Bh2 O-O 12. c3 e5 13. Nc4 e4 14. Nfd2 Rfe8 15. b4 Nd5 16. Qb3 axb4 17. cxb4 Kh8 18. b5 Rab8 19. a5 bxa5 20. Nxa5 Ba8 21. Qa3 f5 22. Bc4 N7b6 23. Bb3 f4 24. exf4 Bxd4 25. Rxe4 Qf6 26. Rae1 Rxe4 27. Nxe4 Re8 28. Qc1 Qe7 29. Nc6 Bxc6 30. Qxc6 Nf6 31. Bc2 d5 32. f5 dxe4 33. Bxc7 Nbd5 34. b6 e3 35. fxe3 Nxe3 36. Kh1 Nfg4 37. fxg6 Nf2+ 38. Kh2 Neg4+ 39. Kg3 Qxe1 40. g7+ Bxg7 41. hxg4 Qe3+ 42. Kh2 Nxg4+ 0-1


[Site "https://www.chess.com"]

[Event "Titled Tuesday Blitz July 20 2021"]
[White "Jovic, Stanoje"]
[Black "Leitao, Rafael"]
[WhiteFideId "905020"]
[BlackFideId "2101246"]
[WhiteElo "2286"]
[BlackElo "2609"]
[Result "1-0"]
[Round "07"]
[TimeControl "180+1"]
[Date "2021.07.21"]
[WhiteClock "0:00:29"]
[BlackClock "0:00:06"]

1. c4 Nf6 2. g3 g6 3. Bg2 Bg7 4. Nf3 O-O 5. O-O d6 6. Nc3 Nc6 7. d3 e5 8. Rb1 a5 9. a3 h6 10. b4 axb4 11. axb4 Be6 12. b5 Ne7 13. e4 Nd7 14. h3 f5 15. Nd5 Nc5 16. Nh4 fxe4 17. dxe4 g5 18. Nxe7+ Qxe7 19. Ng6 Qf7 20. Nxf8 Bxc4 21. Re1 Rxf8 22. Be3 b6 23. Rc1 Nd3 24. Bf1 Nxc1 25. Qxc1 Bxf1 26. Rxf1 Ra8 27. Qc6 Ra7 28. Rc1 Kh7 29. Kg2 Bf6 30. g4 h5 31. gxh5 Qg7 32. Qe8 g4 33. Rg1 Ra4 34. h6 gxh3+ 35. Kh2 Qxg1+ 36. Kxg1 1-0


[Site "https://www.chess.com"]

[Event "Titled Tuesday Blitz July 20 2021"]
[White "Kamsky, Gata"]
[Black "Tsaruk, Maksim"]
[WhiteFideId "2000024"]
[BlackFideId "13511173"]
[WhiteElo "2644"]
[BlackElo "2184"]
[Result "1-0"]
[Round "07"]
[TimeControl "180+1"]
[Date "2021.07.20"]
[WhiteClock "0:00:44"]
[BlackClock "0:00:01"]

1. e4 e5 2. Nf3 Nc6 3. Bb5 a6 4. Ba4 Nf6 5. O-O Be7 6. Re1 b5 7. Bb3 d6 8. c3 O-O 9. d4 Bg4 10. d5 Na5 11. Bc2 c6 12. h3 Bc8 13. dxc6 Qc7 14. Nbd2 Qxc6 15. Nf1 Re8 16. Ng3 h6 17. Nh4 Be6 18. Nhf5 Rac8 19. Nxe7+ Rxe7 20. Qf3 Nd7 21. Nh5 f5 22. exf5 Qxf3 23. gxf3 Bf7 24. Ng3 b4 25. Rd1 d5 26. Bd2 Nc4 27. cxb4 Nxb2 28. Rdc1 Nb6 29. Bb3 N2c4 30. Be1 Rec7 31. a4 Nd6 32. Rxc7 Rxc7 33. b5 axb5 34. a5 Nbc4 35. Bb4 Nc8 36. a6 Na7 37. f4 exf4 38. Ne2 f3 39. Nd4 Be8 40. Re1 Bd7 41. Bd1 Nb6 42. Ba5 1-0


[Site "https://www.chess.com"]

[Event "Titled Tuesday Blitz July 20 2021"]
[White "Kilpatrick, Callum"]
[Black "Darini, Pouria"]
[WhiteFideId "414425"]
[BlackFideId "12502200"]
[WhiteElo "2477"]
[BlackElo "2489"]
[Result "0-1"]
[Round "07"]
[TimeControl "180+1"]
[Date "2021.07.21"]
[WhiteClock "0:01:32"]
[BlackClock "0:00:53"]

1. e4 c6 2. Nc3 d5 3. Nf3 dxe4 4. Nxe4 Nf6 5. Nxf6+ exf6 6. d4 Bd6 7. Be2 O-O 8. O-O Re8 9. Re1 Nd7 10. h3 Nf8 11. c4 Be6 12. Be3 Qd7 13. Qd2 Ng6 14. Bf1 Rad8 15. Rad1 Bb8 16. b3 Bf5 17. d5 Be4 18. dxc6 Qc7 19. Qxd8 Rxd8 20. Rxd8+ Qxd8 21. cxb7 Bxb7 22. c5 h5 23. b4 Qc7 24. Bc4 Bxf3 25. gxf3 Qh2+ 26. Kf1 Qxh3+ 27. Ke2 Qf5 28. Rd1 Qc2+ 29. Rd2 Qxc4+ 0-1


[Site "https://www.chess.com"]

[Event "Titled Tuesday Blitz July 20 2021"]
[White "Krallis, Christos"]
[Black "Tanenbaum, Zachary"]
[WhiteFideId "4298896"]
[BlackFideId "2060850"]
[WhiteElo "2193"]
[BlackElo "2165"]
[Result "1-0"]
[Round "07"]
[TimeControl "180+1"]
[Date "2021.07.21"]
[WhiteClock "0:00:22"]
[BlackClock "0:00:15"]

1. d4 d5 2. c4 dxc4 3. Nf3 a6 4. a4 Nf6 5. e3 e6 6. Nc3 c5 7. Bxc4 Nc6 8. O-O cxd4 9. exd4 Nb4 10. Qe2 Be7 11. Rd1 O-O 12. Ne5 Bd7 13. Bg5 Bc6 14. Nxc6 bxc6 15. Rac1 a5 16. Qf3 Rb8 17. Bf1 Nfd5 18. Bxe7 Qxe7 19. Ne4 Rfd8 20. Nc5 Nf6 21. Qe2 Nbd5 22. Qd2 Rb4 23. b3 Qd6 24. Bc4 Ne7 25. Nd3 Qxd4 26. Qe1 Rbb8 27. Qxa5 Ne4 28. Qe1 Nd5 29. Nb4 Qxf2+ 30. Qxf2 Nxf2 31. Nxc6 Nxd1 32. Rxd1 Ra8 33. Nxd8 Rxd8 34. Bxd5 exd5 35. Kf2 Kf8 36. Ke3 Rb8 37. Rb1 Rb4 38. Kd3 d4 39. a5 Ke7 40. a6 Rb6 41. Ra1 Rxb3+ 42. Kxd4 Rb8 43. a7 Ra8 44. Kc5 Kd7 45. Kb6 Kd6 46. Kb7 Rf8 47. Rc1 Re8 48. Rc6+ Kd7 49. Rc7+ Ke6 50. Rc6+ Kd7 51. Rc1 Kd6 52. Rd1+ Kc5 53. a8=Q Rxa8 54. Kxa8 f6 55. Rd7 g5 56. Rxh7 Kd5 57. Re7 Kd6 58. Re1 f5 59. Kb7 f4 60. Kb6 Kd5 61. Kc7 Kd4 62. Kd6 g4 63. Ke6 f3 64. gxf3 gxf3 65. Kf5 f2 66. Rf1 Ke3 67. Kg4 Ke2 68. Rxf2+ Kxf2 69. h4 Ke3 70. h5 Ke4 71. Kg5 Ke5 72. Kg6 Ke6 73. Kg7 Ke7 74. h6 Ke6 75. h7 Kf5 76. h8=Q Ke6 77. Qf8 Kd5 78. Qf7+ Ke5 79. Qe7+ Kd5 80. Kf7 Kd4 81. Qe6 1-0


[Site "https://www.chess.com"]

[Event "Titled Tuesday Blitz July 20 2021"]
[White "Lagunow, Raphael"]
[Black "Quintiliano Pinto, Renato R."]
[WhiteFideId "24652644"]
[BlackFideId "2117568"]
[WhiteElo "2400"]
[BlackElo "2439"]
[Result "0-1"]
[Round "07"]
[TimeControl "180+1"]
[Date "2021.07.21"]
[WhiteClock "0:00:05"]
[BlackClock "0:00:16"]

1. e4 c5 2. Nf3 d6 3. d4 cxd4 4. Nxd4 Nf6 5. Nc3 a6 6. Bg5 e6 7. f4 h6 8. Bh4 Qb6 9. Qd2 Qxb2 10. Rb1 Qa3 11. e5 dxe5 12. fxe5 Nfd7 13. Ne4 Qxa2 14. Rd1 Qd5 15. Qe3 Qxe5 16. Be2 Bc5 17. Bg3 Qd5 18. c4 Bxd4 19. Rxd4 Qa5+ 20. Rd2 O-O 21. Bd6 f5 22. Ng3 Nf6 23. Bxf8 Kxf8 24. O-O Nc6 25. c5 Nd5 26. Rxd5 exd5 27. Nxf5 Bxf5 28. Rxf5+ Kg8 29. Qe6+ Kh8 30. Bf1 Qxc5+ 31. Kh1 Rf8 32. Qg6 Rxf5 33. Qxf5 Qe7 34. h3 Qe4 35. Qc8+ Kh7 36. Qxb7 Nd4 37. Qxa6 Qb1 38. Kh2 Qb8+ 39. Kh1 Kh8 40. Qd3 Qe5 41. Qd2 Nf5 42. Bd3 Ng3+ 43. Kh2 Ne4+ 44. Kg1 Nxd2 45. Kh1 Qe1+ 46. Kh2 Qe3 47. Bf1 Nxf1+ 48. Kh1 Ng3+ 49. Kh2 Qf2 50. h4 Ne2 51. Kh3 Qg3# 0-1


[Site "https://www.chess.com"]

[Event "Titled Tuesday Blitz July 20 2021"]
[White "Le, Tuan Minh"]
[Black "Lazavik, Denis"]
[WhiteFideId "12401153"]
[BlackFideId "13515110"]
[WhiteElo "2450"]
[BlackElo "2436"]
[Result "1-0"]
[Round "07"]
[TimeControl "180+1"]
[Date "2021.07.20"]
[WhiteClock "0:00:01"]
[BlackClock "0:00:04"]

1. d4 d5 2. Nf3 Nf6 3. Bf4 e6 4. e3 Bd6 5. Nbd2 O-O 6. c3 b6 7. Bd3 Bxf4 8. exf4 Ba6 9. Bxa6 Nxa6 10. O-O c5 11. Qe2 Nb8 12. Rfe1 Nc6 13. Rad1 Qc7 14. g3 Ne7 15. Nf1 Nf5 16. Ne3 Nd6 17. h4 Nfe4 18. Kg2 Rab8 19. Nd2 b5 20. Nxe4 Nxe4 21. f5 b4 22. c4 dxc4 23. Qxc4 Qb7 24. d5 Nf6 25. Kg1 exd5 26. Nxd5 Nxd5 27. Rxd5 Rbe8 28. Red1 Re7 29. f6 gxf6 30. Qxc5 Rfe8 31. Qd4 Re6 32. h5 h6 33. Qg4+ Kh8 34. Kh2 Rg8 35. Qf4 Rg5 36. Rxg5 hxg5 37. Rd8+ Kg7 38. h6+ Kxh6 39. Qf5 Qe4 40. Qh3+ Kg7 41. Rh8 Qg6 42. Kg2 g4 43. Qh4 Re1 44. Kh2 Rf1 45. Kg2 Rd1 46. Kh2 Rd2 47. Rc8 Rxf2+ 48. Kg1 Re2 49. Qh8# 1-0


[Site "https://www.chess.com"]

[Event "Titled Tuesday Blitz July 20 2021"]
[White "Levine, Joseph"]
[Black "Pourkashiyan, Atousa"]
[WhiteFideId "30940346"]
[BlackFideId "12502014"]
[WhiteElo "1802"]
[BlackElo "2285"]
[Result "0-1"]
[Round "07"]
[TimeControl "180+1"]
[Date "2021.07.21"]
[WhiteClock "0:00:03"]
[BlackClock "0:00:16"]

1. e4 c5 2. Nf3 e6 3. d3 a6 4. g3 b5 5. Bg2 Bb7 6. O-O Nf6 7. Re1 Be7 8. e5 Nd5 9. c4 Nb6 10. b3 d6 11. exd6 Bf6 12. d4 Qxd6 13. Bb2 N8d7 14. Na3 bxc4 15. Nxc4 Nxc4 16. bxc4 Rb8 17. Rb1 Bxf3 18. Qxf3 cxd4 19. Ba3 Qc7 20. Rxb8+ Qxb8 21. Qc6 Be7 22. c5 Qd8 23. Rd1 e5 24. Bh3 h5 25. Qxa6 O-O 26. c6 Nc5 27. Bxc5 Bxc5 28. Rc1 d3 29. Bf1 Qd4 30. Rxc5 d2 31. Bd3 d1=Q+ 0-1


[Site "https://www.chess.com"]

[Event "Titled Tuesday Blitz July 20 2021"]
[White "Liu, Manli"]
[Black "Vlassov, Nikolai"]
[WhiteFideId "8608121"]
[BlackFideId "4103360"]
[WhiteElo "2061"]
[BlackElo "2407"]
[Result "0-1"]
[Round "07"]
[TimeControl "180+1"]
[Date "2021.07.21"]
[WhiteClock "0:00:09"]
[BlackClock "0:00:19"]

1. e4 c5 2. Nf3 d6 3. d4 cxd4 4. Nxd4 Nf6 5. Nc3 g6 6. Be3 Bg7 7. f3 a6 8. Qd2 h5 9. O-O-O b5 10. h4 Bb7 11. Kb1 Nbd7 12. Nb3 Rc8 13. Nd5 Nxd5 14. exd5 Nf6 15. Bd4 Bh6 16. Qd3 O-O 17. g4 Nxd5 18. gxh5 Nb4 19. Qe2 Rxc2 20. Qe1 Bxf3 21. Rg1 Bxh5 22. Qxb4 Bxd1 23. Bd3 Rc4 24. Bxc4 bxc4 25. Qxc4 Bxb3 26. Qxb3 Kh7 27. h5 g5 28. Qd3+ f5 29. Re1 e5 30. Be3 Qf6 31. Rc1 Bg7 32. Rc7 Kh6 33. Qd5 e4 34. Bc1 e3 35. Rd7 e2 36. Qd2 Qe5 37. Rxd6+ Kh7 38. Rd5 e1=Q 39. Rxe5 Qxe5 40. Qxg5 f4 41. Qg6+ Kh8 42. h6 Qf5+ 43. Qxf5 Rxf5 44. hxg7+ Kxg7 0-1


[Site "https://www.chess.com"]

[Event "Titled Tuesday Blitz July 20 2021"]
[White "Liyanage, Ranindu Dilshan"]
[Black "Pajeken, Jakob Leon"]
[WhiteFideId "9915834"]
[BlackFideId "12942839"]
[WhiteElo "1839"]
[BlackElo "2231"]
[Result "0-1"]
[Round "07"]
[TimeControl "180+1"]
[Date "2021.07.21"]
[WhiteClock "0:00:01"]
[BlackClock "0:00:44"]

1. d4 d5 2. Nf3 Nf6 3. c4 dxc4 4. e3 e6 5. Bxc4 c5 6. O-O Nc6 7. Nc3 a6 8. a4 Be7 9. dxc5 Qc7 10. Qe2 Bxc5 11. b3 O-O 12. Bb2 b6 13. Rac1 Bb7 14. e4 Ng4 15. Na2 Ba3 16. h3 Bxb2 17. Qxb2 Nge5 18. Be2 Nxf3+ 19. Bxf3 Rac8 20. Rfd1 Qe5 21. Qa3 g6 22. Rc4 Rfd8 23. Rdc1 Nd4 24. Qe7 Nxf3+ 25. gxf3 Qb8 26. Rc7 Rxc7 27. Rxc7 Rf8 28. Rxb7 Qe5 29. Nb4 Qc3 30. Rc7 Qxb3 31. Nc6 Qxf3 32. Qh4 Qd1+ 33. Kg2 Qd6 34. Qe7 Qf4 35. f3 Qd2+ 36. Kg3 Qe1+ 37. Kf4 Qd2+ 38. Ke5 Qh2+ 39. Kd4 Qb2+ 40. Ke3 Qc1+ 41. Kd3 Qd1+ 42. Kc3 Qxa4 43. Ne5 Qa1+ 44. Kd3 Qxe5 45. Rb7 Qb5+ 46. Ke3 a5 47. Qc7 Qb3+ 48. Kf4 e5+ 49. Qxe5 a4 50. Qd6 b5 51. Qd7 g5+ 52. Kxg5 Qxf3 0-1


[Site "https://www.chess.com"]

[Event "Titled Tuesday Blitz July 20 2021"]
[White "Locci, Damiano"]
[Black "Pinheiro, Iung Alicio de O."]
[WhiteFideId "819751"]
[BlackFideId "2104350"]
[WhiteElo "2451"]
[BlackElo "2610"]
[Result "0-1"]
[Round "07"]
[TimeControl "180+1"]
[Date "2021.07.21"]
[WhiteClock "0:00:04"]
[BlackClock "0:00:39"]

1. c4 c5 2. g3 g6 3. Bg2 Bg7 4. Nc3 Nc6 5. Nh3 d6 6. Nf4 h5 7. h4 e6 8. Qc2 Nge7 9. O-O b6 10. Nxg6 fxg6 11. Bxc6+ Nxc6 12. Qxg6+ Kf8 13. Nb5 a6 14. Qd3 axb5 15. Qf3+ Kg8 16. Qxc6 Ra7 17. Qxb5 Bb7 18. d4 cxd4 19. Bg5 Qc8 20. Qxb6 Qc6 21. Qxc6 Bxc6 22. Rfd1 Kf7 23. Rd2 Rha8 24. a3 Ra4 25. Rc1 Rc8 26. f3 Bb7 27. Rdc2 Ba6 28. b4 Rxa3 29. b5 Bb7 30. Bf4 Ke7 31. Bd2 d3 32. exd3 Rxd3 33. Bg5+ Kd7 34. f4 Bd4+ 35. Kf1 Rxg3 36. Rd2 Be3 37. Rcd1 Rg1+ 38. Ke2 Bxd2 39. Rxg1 Bb4 40. Kd3 Ra8 41. Rb1 Ra3+ 42. Kc2 Be4+ 43. Kb2 Bxb1 44. Kxb1 Rc3 45. b6 Bc5 46. b7 Rb3+ 47. Kc2 Rxb7 48. Kc3 Rb1 0-1


[Site "https://www.chess.com"]

[Event "Titled Tuesday Blitz July 20 2021"]
[White "Madaminov, Mukhiddin"]
[Black "Garcia, Gabriel Gonzaga"]
[WhiteFideId "14210703"]
[BlackFideId "2138956"]
[WhiteElo "1747"]
[BlackElo "2240"]
[Result "1-0"]
[Round "07"]
[TimeControl "180+1"]
[Date "2021.07.21"]
[WhiteClock "0:01:48"]
[BlackClock "0:02:06"]

1. e4 c6 2. Nf3 d5 3. Nc3 dxe4 4. Nxe4 Nf6 5. Ng3 h5 6. Bc4 h4 7. Nf1 h3 8. g3 Bg4 9. Bxf7+ Kxf7 10. Ne5+ Ke8 11. Nxg4 Qd5 12. Nxf6+ gxf6 13. f3 Nd7 14. Ne3 Qh5 15. f4 Qa5 16. Qg4 e5 17. fxe5 Nxe5 18. Qe6+ Be7 19. Nf5 Rh7 20. Qg8+ Kd7 21. Qxh7 Re8 22. Qxh3 Nf3+ 23. Kd1 Ng5 24. Qg4 Kc7 25. d3 Qd5 26. Re1 Qg2 27. Bxg5 1-0


[Site "https://www.chess.com"]

[Event "Titled Tuesday Blitz July 20 2021"]
[White "Maltsevskaya, Aleksandra"]
[Black "Ljukin, Sergei"]
[WhiteFideId "24174041"]
[BlackFideId "14102200"]
[WhiteElo "2225"]
[BlackElo "2309"]
[Result "1-0"]
[Round "07"]
[TimeControl "180+1"]
[Date "2021.07.21"]
[WhiteClock "0:00:03"]
[BlackClock "0:00:01"]

1. Nf3 d5 2. e3 Nf6 3. c4 c6 4. Nc3 e6 5. b3 Nbd7 6. Bb2 Bd6 7. Qc2 a6 8. Rd1 e5 9. cxd5 cxd5 10. g4 h6 11. Be2 e4 12. Nd4 Ne5 13. h3 O-O 14. d3 exd3 15. Bxd3 Nxd3+ 16. Qxd3 Be6 17. Nce2 Ne4 18. O-O Qh4 19. Nf4 Ng5 20. Ndxe6 Nxh3+ 21. Kg2 Qxg4+ 22. Kh1 fxe6 23. Qg6 Rxf4 24. Qxg4 Rxg4 25. f3 Rg6 26. f4 Rc8 27. Rd2 Rg3 28. Re2 Rg4 29. Kh2 Rh4 30. Kg3 Rh5 31. Kg4 g6 32. Rh2 Bc5 33. Rxh3 Rxh3 34. Kxh3 Bxe3 35. Kg3 Bc5 36. Kf3 Bd6 37. Kg4 Kh7 38. Re1 Rf8 39. Rxe6 Rxf4+ 40. Kh3 Rf3+ 41. Kg2 Rg3+ 42. Kf2 Rh3 43. Bd4 Bf4 44. Re7+ Kg8 45. Rg7+ Kf8 46. Rxg6 Bg5 47. Rd6 Rh2+ 48. Kg3 Rxa2 49. Rd7 b5 50. Rxd5 Kf7 51. Rd7+ Ke6 52. Rb7 Kf5 53. Rf7+ Ke4 54. Bf2 Ra3 55. Rf3 Bf6 56. Rxf6 1-0


[Site "https://www.chess.com"]

[Event "Titled Tuesday Blitz July 20 2021"]
[White "Manzone, Alessandro"]
[Black "Ouellet, Maili-Jade"]
[WhiteFideId "112488"]
[BlackFideId "2620472"]
[WhiteElo "2327"]
[BlackElo "1886"]
[Result "1-0"]
[Round "07"]
[TimeControl "180+1"]
[Date "2021.07.21"]
[WhiteClock "0:00:17"]
[BlackClock "0:00:03"]

1. d4 d5 2. c4 e6 3. Nc3 c6 4. e3 Nf6 5. Nf3 Be7 6. b3 O-O 7. Bd3 Nbd7 8. O-O Re8 9. Bb2 Nf8 10. Ne5 Ng6 11. f4 Bd6 12. Rf3 Qc7 13. c5 Bf8 14. Rh3 b6 15. b4 a5 16. a3 Ba6 17. Bc2 bxc5 18. bxc5 Rab8 19. Bc1 Rb7 20. g4 Be7 21. g5 Nd7 22. Qh5 Ndf8 23. Na4 Bb5 24. Nb6 Bd8 25. Nbd7 Nxd7 26. Qxh7+ Kf8 27. Nxf7 Nde5 28. Nxe5 Nxe5 29. fxe5 Qf7 30. Bd2 Qg8 31. Qh4 Ke7 32. Rf3 Kd7 33. Qg4 Kc8 34. g6 Rf8 35. a4 Rxf3 36. Qxf3 Re7 37. axb5 cxb5 38. Bxa5 Re8 39. Bxd8 Rxd8 40. Ra8+ Kb7 41. Rxd8 Qxd8 42. Qf7+ Ka6 43. Qxe6+ Ka5 44. Qb6+ Qxb6 45. cxb6 Kxb6 46. Bb3 1-0


[Site "https://www.chess.com"]

[Event "Titled Tuesday Blitz July 20 2021"]
[White "Martins, Igor Carvalho Ribeiro"]
[Black "Buscar, Michael"]
[WhiteFideId "2162962"]
[BlackFideId "2603616"]
[WhiteElo "2514"]
[BlackElo "2010"]
[Result "1-0"]
[Round "07"]
[TimeControl "180+1"]
[Date "2021.07.21"]
[WhiteClock "0:00:04"]
[BlackClock "0:00:14"]

1. Nf3 Nf6 2. c4 g6 3. Nc3 Bg7 4. e4 d6 5. d4 O-O 6. Be2 e5 7. Be3 Nc6 8. d5 Ne7 9. Nd2 Ne8 10. b4 f5 11. f3 f4 12. Bf2 g5 13. c5 Ng6 14. Nc4 h5 15. cxd6 cxd6 16. Nb5 a6 17. Nb6 Rb8 18. Na7 Bd7 19. Rc1 Nh4 20. O-O Rf6 21. Nxd7 Qxd7 22. b5 a5 23. b6 Rg6 24. Qb3 Nxg2 25. Kxg2 g4 26. fxg4 hxg4 27. Bb5 Qe7 28. Bxe8 Rxe8 29. Rc7 Qg5 30. Nc8 Bf8 31. Qb5 Rd8 32. Qd3 Rh6 33. Rh1 Rh3 34. Bg3 fxg3 35. hxg3 Qh5 36. Qf1 Bh6 37. Ne7+ Kh8 38. Nf5 Bg5 39. Nxd6 Rxd6 40. Qf8# 1-0


[Site "https://www.chess.com"]

[Event "Titled Tuesday Blitz July 20 2021"]
[White "Mazi, Leon"]
[Black "Dang, Hoang Son"]
[WhiteFideId "14600315"]
[BlackFideId "12402435"]
[WhiteElo "2333"]
[BlackElo "2248"]
[Result "0-1"]
[Round "07"]
[TimeControl "180+1"]
[Date "2021.07.21"]
[WhiteClock "0:00:11"]
[BlackClock "0:00:21"]

1. e4 g6 2. d4 Bg7 3. Be3 d6 4. Nc3 Nf6 5. Qd2 O-O 6. h3 a6 7. Nf3 b5 8. Bd3 Bb7 9. e5 b4 10. exf6 bxc3 11. bxc3 exf6 12. Be2 Nd7 13. O-O f5 14. Bh6 Nf6 15. Bxg7 Kxg7 16. c4 c5 17. d5 Ne4 18. Qc1 Qf6 19. Bd3 a5 20. Re1 Rfe8 21. Qa3 Qc3 22. Qa4 Re7 23. Rab1 Qf6 24. Rb6 Ra7 25. Qa3 Bc8 26. Rb8 Bd7 27. Reb1 Nc3 28. R1b6 f4 29. Rxd6 Ne2+ 30. Bxe2 Qxd6 31. Qc3+ f6 32. Rd8 Rxe2 33. Qd3 Re8 0-1


[Site "https://www.chess.com"]

[Event "Titled Tuesday Blitz July 20 2021"]
[White "McDonald, Mike"]
[Black "Shahade, Gregory"]
[WhiteFideId "2635682"]
[BlackFideId "2009064"]
[WhiteElo "2490"]
[BlackElo "2682"]
[Result "0-1"]
[Round "07"]
[TimeControl "180+1"]
[Date "2021.07.21"]
[WhiteClock "0:00:02"]
[BlackClock "0:01:16"]

1. e4 e5 2. Nf3 Nc6 3. d4 exd4 4. Nxd4 Nf6 5. Nxc6 bxc6 6. e5 Qe7 7. Qe2 Nd5 8. c4 Ba6 9. b3 g6 10. Bb2 Bg7 11. g3 O-O 12. Bg2 Rae8 13. O-O Bxe5 14. Qxe5 Qxe5 15. Bxe5 Rxe5 16. cxd5 Bxf1 17. Kxf1 cxd5 18. Nc3 c6 19. Rd1 Rfe8 20. Bf3 Kf8 21. Ne2 a5 22. Nf4 Rb8 23. h4 Ree8 24. Rd4 Rb4 25. Rd2 a4 26. bxa4 Rxa4 27. Rb2 Rea8 28. Rb7 R4a7 29. Rb3 Rxa2 30. Kg2 Ke7 31. Rb7 Kd6 32. Bg4 f5 33. Bf3 Rc2 34. Rb3 Raa2 35. Nh3 Rab2 36. Ra3 d4 37. h5 Rc3 38. Ra4 Kc5 39. hxg6 hxg6 40. Ra5+ Kb6 41. Ra4 c5 42. Nf4 Rcc2 43. Nxg6 Rxf2+ 44. Kh3 Rh2# 0-1


[Site "https://www.chess.com"]

[Event "Titled Tuesday Blitz July 20 2021"]
[White "Mokshanov, Alexey"]
[Black "Buchenau, Frank"]
[WhiteFideId "24121657"]
[BlackFideId "4604350"]
[WhiteElo "2262"]
[BlackElo "2255"]
[Result "0-1"]
[Round "07"]
[TimeControl "180+1"]
[Date "2021.07.21"]
[WhiteClock "0:00:20"]
[BlackClock "0:00:05"]

1. e4 e6 2. d4 d5 3. e5 c5 4. c3 Qb6 5. Nf3 Bd7 6. a3 Bb5 7. Bxb5+ Qxb5 8. a4 Qa6 9. dxc5 Bxc5 10. b4 Bf8 11. Na3 Nh6 12. Nb5 Qb6 13. Be3 Qd8 14. Bxa7 Nc6 15. Bc5 Bxc5 16. bxc5 O-O 17. O-O f6 18. Qe2 Ng4 19. exf6 Rxf6 20. h3 Nh6 21. Nbd4 Qd7 22. Rfe1 Nf7 23. Qb5 e5 24. Nxc6 bxc6 25. Qe2 e4 26. Nd4 Rg6 27. Qe3 Ng5 28. Kh2 Qc7+ 29. Qg3 Nf3+ 30. gxf3 Rxg3 31. fxg3 exf3 32. Nxf3 Qa5 33. Nd4 Qxc5 34. Re3 h6 35. h4 Qc4 36. a5 c5 37. Nf5 d4 38. Re7 dxc3 39. Rd1 c2 40. Rdd7 Kh8 41. Rxg7 Qe2+ 42. Kh3 Qf1+ 43. Kg4 h5+ 44. Kg5 c1=Q+ 45. Kg6 Qxf5+ 46. Kxf5 Qc2+ 47. Kg5 Rf8 48. Kxh5 Qf5+ 49. Rg5 Qxd7 0-1


[Site "https://www.chess.com"]